 Dungeon Crawl Stone Soup version 0.26-a0-64-g059e62fbdb (webtiles) character file.

Game seed: 4698912916792189912

45425 sanka the Gelid (level 14, -5/181 HPs)
             Began as a Barachi Ice Elementalist on June 10, 2020.
             Was an Elder of Vehumet.
             Slain by an ice devil (17 damage)
             ... in an ice cave on June 11, 2020.
             The game lasted 01:03:03 (23742 turns).

sanka the Gelid (Barachi Ice Elementalist)         Turns: 23742, Time: 01:03:04

Health: -5/181     AC: 21    Str:  4 (9)  XL:     14   Next: 33%
Magic:  36/36      EV: 16    Int: 20 (22) God:    Vehumet [****..]
Gold:   1021       SH:  0    Dex:  8 (12) Spells: 10/31 levels left

rFire    + . .     SeeInvis +   a - +0 demon blade (flame)
rCold    . . .     Gourm    .   (no shield)
rNeg     . . .     Faith    .   X - +1 leather armour "Atac" {+Fly rF+ MR+ SInv}
rPois    .         Spirit   .   o - +2 helmet
rElec    .         Reflect  .   R - +1 cloak
rCorr    +         Harm     .   i - +2 pair of gloves
MR       ++...                  g - +0 pair of boots
Stlth    ..........             s - amulet of magic regeneration
HPRegen  0.40/turn              O - ring of magical power
MPRegen  0.50/turn              Q - ring of resist corrosion

@: berserking (expiring), icy armour, quick
A: +LOS, swims, deterioration 1, slowness 1, strong legs 2
a: Hop, Renounce Religion, Evoke Flight


You were in an ice cave.
You worshipped Vehumet.
Vehumet was greatly pleased with you.
You were not hungry.

You visited 3 branches of the dungeon, and saw 18 of its levels.
You also visited: Sewer, Ice Cave and Volcano.

You collected 1021 gold pieces.


Innate Abilities, Weirdness & Mutations

You can be seen from farther away. (+LOS)
You can swim through water.
You cover ground slowly.
You can hop long distances.
Your body sometimes deteriorates upon taking damage.


   Skills:
 * Level 14.9 Fighting
 * Level 14.0 Dodging
 - Level 1.7 Stealth
 + Level 9.0 Spellcasting
 - Level 4.0 Conjurations
 - Level 4.0 Summonings
 + Level 15.4 Ice Magic


You had 10 spell levels left.
You knew the following spells:

 Your Spells              Type           Power        Failure   Level  Hunger
a - Ozocubu's Armour      Chrm/Ice       #####...     1%          3    None
u - Hailstorm             Conj/Ice       #####...     1%          4    ###....
x - Summon Ice Beast      Ice/Summ       #####...     2%          4    ###....
y - Frozen Ramparts       Ice            ######       1%          3    None
z - Freeze                Ice            ####         1%          1    None
X - Ozocubu's Refrigerat  Ice            ######....   1%          6    ######.

Your spell library contained the following spells:

 Spells                   Type           Power        Failure   Level  Hunger
 Bolt of Magma            Conj/Fire/Erth ##........   47%         5    #####..
 Shock                    Conj/Air       ###.         1%          1    None
 Sandblast                Erth           #.....       4%          1    None
 Static Discharge         Conj/Air       ###.....     5%          3    None
 Stone Arrow              Conj/Erth      ###...       5%          3    None
 Inner Flame              Hex/Fire       #.......     11%         3    None
 Corona                   Hex            #......      14%         1    None
 Metabolic Englaciation   Hex/Ice        #####.....   16%         5    #####..
 Passwall                 Tmut/Erth      #.......     21%         2    None
 Slow                     Hex            #.......     21%         2    None
 Swiftness                Chrm/Air       #.......     21%         2    None
 Airstrike                Air            #.........   32%         4    ###....
 Confusing Touch          Hex            #.......     38%         3    None
 Gell's Gravitas          Tloc           #.........   38%         3    None
 Portal Projectile        Hex/Tloc       #.....       38%         3    None
 Irradiate                Conj/Tmut      ###.......   38%         5    #####..
 Lightning Bolt           Conj/Air       ###.......   38%         5    #####..
 Lee's Rapid Deconstruct  Erth           #.........   65%         5    #####..
 Yara's Violent Unravell  Hex/Tmut       #.........   65%         5    #####..
 Cause Fear               Hex            #.........   80%         4    ###....
 Leda's Liquefaction      Hex/Erth       #.........   80%         4    ###....
 Petrify                  Tmut/Erth      #.......     80%         4    ###....
 Hydra Form               Tmut           #.........   100%        6    ######.
 Statue Form              Tmut/Erth      #........    100%        6    ######.
 Dragon Form              Tmut           #.........   100%        7    #######

Inventory:

Hand Weapons
 a - a +0 demon blade of flaming (weapon)
 b - a +1 whip of electrocution
 n - a +0 hunting sling
 A - a +1 quick blade of freezing
Missiles
 m - 717 stones (quivered)
 Z - 7 curare-tipped darts {=f}
Armour
 g - a +0 pair of boots (worn)
 i - a +2 pair of gloves (worn)
 o - a +2 helmet (worn)
 p - a +2 leather armour of fire resistance
 E - a +0 crystal plate armour of cold resistance
 R - a +1 cloak (worn)
 X - the +1 leather armour "Atac" (worn) {+Fly rF+ MR+ SInv}

   It protects you from fire.
   It affects your resistance to hostile enchantments.
   It lets you see invisible.
   It lets you fly.
Jewellery
 s - an amulet of magic regeneration (around neck)
 u - an uncursed ring of flight
 N - an uncursed amulet of the acrobat
 O - a ring of magical power (left hand)
 Q - a ring of resist corrosion (right hand)
 T - the amulet of the Air {Inacc +Fly rElec EV+5 RMsl}

   [amulet of inaccuracy]

   It reduces the accuracy of all your attacks.
   It affects your evasion (+5).
   It insulates you from electricity.
   It lets you fly.
   It protects you from missiles.
 U - an uncursed ring of see invisible
Wands
 D - a wand of disintegration (4)
 M - a wand of iceblast (25)
 P - a wand of enslavement (24)
 V - a wand of paralysis (3)
Scrolls
 d - 5 scrolls of fog
 e - 9 scrolls of remove curse
 f - 2 scrolls of immolation {!r}
 j - 5 scrolls of magic mapping
 l - a scroll of torment {unknown}
 q - 9 scrolls of teleportation {@r4}
 t - 2 scrolls of identify {@r1}
 v - a scroll of fear
 y - 3 scrolls of noise {unknown}
 z - a scroll of random uselessness {unknown}
 C - 3 scrolls of blinking
 F - 2 scrolls of enchant armour
 G - 3 scrolls of enchant weapon
 J - 4 scrolls of amnesia
 K - a scroll of holy word
 L - a scroll of brand weapon {unknown}
Potions
 k - 2 potions of berserk rage {!q}
 r - a potion of resistance {unknown}
 w - 2 potions of curing {@q1}
 x - a potion of stabbing {unknown}
 B - a potion of degeneration {unknown}
Miscellaneous
 h - a lightning rod (4/4)
Comestibles
 c - 23 rations

Dungeon Overview and Level Annotations

Branches:
Dungeon (11/15)            Temple (1/1) D:7            Lair (6/6) D:8
 Shoals (0/4) Lair:2        Snake (0/4) Lair:3        Sewer (visited)
  IceCv (1/1)             Volcano (visited)
  Slime: Lair:5-6       Orc: D:9-12

Altars:
Ashenzari
Dithmenos
Elyvilon
Fedhas
Gozag
Hepliaklqana
Kikubaaqudgha
Makhleb
Nemelex Xobeh
Okawaru
Qazlal
Sif Muna
Trog
Uskayaw
Vehumet
Wu Jian
Xom
Yredelemnul
Zin
The Shining One
Jiyva

Shops:
D:11 (

Portals:
Trove: D:10 (give 6 scrolls of blinking)

☼##...°.#▒ ▒..▒▒▒...▒
▒▒#..▒.#°▒ ▒▒.▒.▒▒..▒
##...▒#§☼▒ ▒▒....▒..▒
§§...▒#§4▒▒▒....▒▒..▒
▒..▒▒▒##§#▒▒....▒..▒▒
▒.▒▒.☼.☼§☼▒▒...▒▒..▒
▒°▒....#▒..▒▒).▒..▒▒
##.....▒▒▒§°▒▒▒▒..▒
☼.###..▒ ▒#§.▒▒▒F▒▒
...#°.▒▒ ▒▒☼#▒.4▒▒
...#≈#▒ ▒▒....▒
..#☼.▒▒ ▒▒..▒▒ ▒.#.▒▒
▒▒▒▒ ▒▒.▒▒ ▒▒▒


You could see an ice devil.


Message History

* * * LOW HITPOINT WARNING * * *
The ice devil freezes you!!
* * * LOW HITPOINT WARNING * * *
Your body deteriorates!
You feel dopey.
You closely miss the ice devil.
The ice devil is heavily wounded.
The ice devil misses you.
You riposte.
You closely miss the ice devil.
The ice devil is heavily wounded.
Unknown command.
You hit the ice devil but do no damage.
The ice devil is heavily wounded.
The ice devil hits you but does no damage.
Unknown command.
Unknown command.
You barely miss the ice devil.
The ice devil is heavily wounded.
The ice devil hits you but does no damage.
You hit the ice devil. You burn the ice devil.
The ice devil is severely wounded.
The ice devil misses you.
You closely miss the ice devil.
The ice devil is severely wounded.
The ice devil hits you!
* * * LOW HITPOINT WARNING * * *
The ice devil freezes you!
You die...

Action                   |  1- 3 |  4- 6 |  7- 9 | 10-12 | 13-15 || total
-------------------------+-------+-------+-------+-------+-------++-------
Melee: Unarmed           |     8 |       |       |       |       ||     8
       Whip              |     7 |       |    58 |   157 |   118 ||   340
       Mace              |       |    16 |       |       |       ||    16
       Falchion          |       |       |    29 |       |       ||    29
       Demon blade       |       |       |       |       |   177 ||   177
 Fire: Hunting sling     |    21 |    98 |    81 |    15 |       ||   215
Throw: Stone             |       |       |       |     4 |       ||     4
 Cast: Freeze            |    43 |    53 |    66 |   238 |   125 ||   525
       Frozen Ramparts   |     2 |    14 |    15 |    60 |    29 ||   120
       Ozocubu's Armour  |       |       |    19 |    40 |    28 ||    87
       Summon Ice Beast  |       |       |     4 |    18 |    18 ||    40
       Hailstorm         |       |       |     2 |    13 |     9 ||    24
       Ozocubu's Refrige |       |       |       |       |    21 ||    21
 Abil: Hop               |       |     1 |       |       |     3 ||     4
Evoke: Wand              |       |       |     8 |     7 |    26 ||    41
  Use: Scroll            |       |       |     1 |     8 |     6 ||    15
       Potion            |       |       |       |       |     4 ||     4
 Stab: Sleeping          |     2 |     1 |       |     2 |     1 ||     6
       Paralysed         |       |       |       |     1 |       ||     1
       Distracted        |       |       |       |       |     1 ||     1
  Eat: Chunk             |     3 |    10 |    18 |    27 |    21 ||    79
       Ration            |       |       |       |     1 |     4 ||     5
Armor: Robe              |     9 |    21 |    63 |   143 |     6 ||   242
       Leather armour    |       |       |       |       |   160 ||   160
Dodge: Dodged            |    40 |    38 |    87 |   418 |   687 ||  1270
       Repelled          |       |       |       |     3 |    23 ||    26
       Rpst.: Falchion   |       |       |    11 |       |       ||    11
       Demon blade       |       |       |       |       |    80 ||    80

Levels and vault maps discovered:
D:1:      dpeg_arrival_rooms_with_view, layout_basic
D:2:      layout_basic, first_ration, kennysheep_another_room,
          lemuel_another_geyser, uniq_robin, uniq_crazy_yiuf_cottage
D:3:      layout_rooms, zin_statuary, kiku_gazebo_pond_becter,
          portal_sewer_entry_e
D:4:      layout_loops_ring, nicolae_overflow_crystal_walls,
          kennysheep_little_box, hangedman_abyss_or_decor_stabs
D:5:      layout_layer_cave, elyvilon_altar_5
D:6:      layout_basic, nicolae_qazlal_style_of_elements, lemuel_doored_altar,
          lemuel_crystal_altar, tgw_kikubaaqudgha, uniq_grinder, uniq_duvessa,
          uniq_pikel
D:7:      layout_loops_ring, fedhas_altar_3, temple_doors_e, basic_altar
D:8:      wad_lake_hut, layout_loops_ring, dpeg_oklobed_lair, basic_altar
D:9:      layout_long_grid, hangedman_little_slice_of_home
D:10:     minmay_chambers_of_sevens, layout_long_grid,
          nicolae_trove_entry_free_sample
D:11:     layout_loops_ring, serial_shops, kennysheep_mini
Temple:   cyrus_circular_temple
Lair:1:   layout_small_grid, serial_bayou_shore_b, grunt_megastairs_2,
          uniq_gastronok, uniq_sonja, uniq_joseph
Lair:2:   layout_roguey, elwin_shoals_entry_rocks, minmay_holes,
          grunt_megastairs_5
Lair:3:   layout_chaotic_city, guppyfry_snake_entry_garden, minivault_26,
          chequers_serial_rivers_micro_b, minmay_lair_oklob_chamber
Lair:4:   layout_misc_corridors, ice2_lemuel
Lair:5:   layout_regular_city, slime_altar_1
Lair:6:   gammafunk_lair_ancient_temple, layout_cave_pods,
          portal_ice_cave_entry_imps, nicolae_volcano_entry_lava_flow,
          serial_bayou_shore_b, uniq_urug, uniq_kirke
IceCv:    ice_cave_small_demon

Notes
Turn   | Place    | Note
-------+----------+-------------------------------------------
     0 | D:1      | sanka the Barachi Ice Elementalist began the quest for the
                  | Orb.
     0 | D:1      | Reached XP level 1. HP: 13/13 MP: 3/3
    98 | D:1      | Reached skill level 5 in Ice Magic
   439 | D:1      | Reached XP level 2. HP: 19/19 MP: 2/5
   849 | D:1      | Reached XP level 3. HP: 24/24 MP: 5/7
   913 | D:1      | Reached skill level 3 in Spellcasting
  1541 | D:1      | Learned a level 3 spell: Frozen Ramparts
  1545 | D:1      | Learned a level 3 spell: Ozocubu's Armour
  1664 | D:2      | Reached skill level 6 in Ice Magic
  1680 | D:2      | Noticed Robin
  1688 | D:2      | Reached XP level 4. HP: 24/30 MP: 4/8
  1734 | D:2      | Killed Robin
  2557 | D:2      | Reached skill level 7 in Ice Magic
  2557 | D:2      | Reached XP level 5. HP: 35/35 MP: 7/9
  3125 | D:2      | Found a runed translucent door.
  3126 | D:2      | Noticed Crazy Yiuf
  3133 | D:2      | Killed Crazy Yiuf
  3428 | D:3      | Found a glowing silver altar of Zin.
  3548 | D:3      | Found an ancient bone altar of Kikubaaqudgha.
  3550 | D:3      | Reached skill level 8 in Ice Magic
  3582 | D:3      | Found a glowing drain.
  3587 | Sewer    | Entered a sewer
  3592 | Sewer    | Reached XP level 6. HP: 41/41 MP: 5/10
  3937 | Sewer    | Learned a level 4 spell: Summon Ice Beast
  3976 | Sewer    | Reached skill level 1 in Summonings
  4105 | Sewer    | Reached skill level 9 in Ice Magic
  4105 | Sewer    | Reached XP level 7. HP: 44/46 MP: 5/12
  4355 | D:3      | Reached skill level 2 in Summonings
  4486 | D:4      | Found an iron altar of Okawaru.
  4500 | D:4      | Got a masterwork falchion
  4501 | D:4      | Identified the +3 falchion of Intimidation {venom, +Inv}
                  | (You found it on level 4 of the Dungeon)
  4661 | D:4      | Found a hide-covered altar of Uskayaw.
  5037 | D:4      | Reached skill level 4 in Spellcasting
  5037 | D:4      | Reached skill level 3 in Summonings
  5157 | D:5      | Entered Level 5 of the Dungeon
  5158 | D:5      | Found a white marble altar of Elyvilon.
  5282 | D:5      | Reached XP level 8. HP: 35/52 MP: 7/14
  5286 | D:5      | Reached skill level 4 in Summonings
  5906 | D:5      | Reached skill level 5 in Spellcasting
  5906 | D:5      | Reached skill level 10 in Ice Magic
  6832 | D:6      | Noticed Pikel
  6840 | D:6      | Killed Pikel
  6840 | D:6      | Reached skill level 6 in Spellcasting
  6840 | D:6      | Reached skill level 11 in Ice Magic
  6840 | D:6      | Reached XP level 9. HP: 26/57 MP: 2/18
  7141 | D:6      | Found a stormy altar of Qazlal.
  7191 | D:6      | Noticed Duvessa
  7191 | D:6      | Noticed Dowan
  7206 | D:6      | Killed Duvessa
  7225 | D:6      | Reached skill level 7 in Spellcasting
  7271 | D:6      | Killed Dowan
  7336 | D:6      | Found a shattered altar of Ashenzari.
  7507 | D:6      | Found an ancient bone altar of Kikubaaqudgha.
  7658 | D:6      | Noticed Grinder
  7675 | D:6      | Killed Grinder
  7872 | D:6      | Found a hazy altar of Hepliaklqana.
  7929 | D:6      | Learned a level 4 spell: Hailstorm
  8118 | D:7      | Found a bloodstained altar of Trog.
  8130 | D:7      | Reached skill level 1 in Fighting
  8581 | D:7      | Found a staircase to the Ecumenical Temple.
  8586 | Temple   | Entered the Ecumenical Temple
  8593 | Temple   | Became a worshipper of Vehumet
  8609 | D:7      | Found a blossoming altar of Fedhas.
  8682 | D:7      | Reached skill level 1 in Conjurations
  8737 | D:7      | Reached skill level 2 in Fighting
  8737 | D:7      | Reached skill level 3 in Dodging
  9245 | D:8      | Found a staircase to the Lair.
  9283 | D:8      | Noticed a two-headed ogre
  9290 | D:8      | Killed a two-headed ogre
  9290 | D:8      | Reached skill level 3 in Fighting
  9290 | D:8      | Reached skill level 4 in Dodging
  9290 | D:8      | Reached skill level 8 in Spellcasting
  9290 | D:8      | Reached skill level 2 in Conjurations
  9290 | D:8      | Reached skill level 12 in Ice Magic
  9290 | D:8      | Reached XP level 10. HP: 51/71 MP: 15/22
  9496 | D:8      | Reached skill level 4 in Fighting
  9928 | D:8      | Reached skill level 5 in Dodging
 10182 | D:8      | Noticed a two-headed ogre
 10188 | D:8      | Killed a two-headed ogre
 10188 | D:8      | Reached skill level 5 in Fighting
 10188 | D:8      | Reached skill level 3 in Conjurations
 10374 | D:8      | Found an iron altar of Okawaru.
 10483 | D:8      | Noticed a two-headed ogre
 10497 | D:8      | Killed a two-headed ogre
 10497 | D:8      | Reached skill level 6 in Dodging
 10846 | D:9      | Found the amulet of the Air {Inacc +Fly rElec EV+5 RMsl}
 10896 | D:9      | Reached skill level 6 in Fighting
 10986 | D:9      | Reached * piety under Vehumet
 10986 | D:9      | Offered knowledge of Sandblast by Vehumet.
 11334 | D:9      | Reached skill level 4 in Conjurations
 11535 | D:9      | Reached skill level 7 in Dodging
 11537 | D:9      | Reached skill level 7 in Fighting
 12009 | D:9      | Reached XP level 11. HP: 84/84 MP: 23/23
 12052 | D:9      | Reached ** piety under Vehumet
 12052 | D:9      | Offered knowledge of Shock by Vehumet.
 12065 | D:9      | Found a viscous altar of Jiyva.
 12263 | D:10     | Entered Level 10 of the Dungeon
 12263 | D:10     | Noticed a tengu warrior
 12277 | D:10     | Killed a tengu warrior
 12375 | D:10     | Reached skill level 8 in Fighting
 12499 | D:10     | Reached skill level 8 in Dodging
 12750 | D:10     | Reached skill level 13 in Ice Magic
 12760 | D:10     | Found a portal to a secret trove of treasure.
 13450 | D:10     | Noticed a two-headed ogre
 13450 | D:10     | Noticed a deep elf mage
 13451 | D:10     | Noticed a manticore
 13454 | D:10     | Killed an unseen horror
 13454 | D:10     | Reached skill level 9 in Fighting
 13457 | D:10     | Killed a deep elf mage
 13463 | D:10     | Killed a two-headed ogre
 13463 | D:10     | Offered knowledge of Ignite Poison by Vehumet.
 13463 | D:10     | Reached skill level 9 in Dodging
 13466 | D:10     | Killed a manticore
 13791 | D:10     | Gained mutation: Your body sometimes deteriorates upon
                  | taking damage. [mutagenic glow]
 14082 | D:11     | Reached *** piety under Vehumet
 14191 | D:11     | Noticed a two-headed ogre
 14197 | D:11     | Reached skill level 10 in Fighting
 14198 | D:11     | Killed a two-headed ogre
 14267 | D:11     | Reached XP level 12. HP: 81/97 MP: 24/24
 14269 | D:11     | Reached skill level 10 in Dodging
 14402 | D:11     | Offered knowledge of Stone Arrow by Vehumet.
 14874 | D:11     | Got a transparent short sword
 14875 | D:11     | Identified the +2 short sword of the Forgotten Beggars
                  | {drain, Fragile rPois rC+} (You found it on level 11 of the
                  | Dungeon)
 14931 | D:11     | Reached skill level 11 in Fighting
 15092 | D:11     | Found Kuipheo's Weapon Emporium.
 15188 | Lair:1   | Entered Level 1 of the Lair of Beasts
 15200 | Lair:1   | Noticed Joseph
 15208 | Lair:1   | Killed Joseph
 15217 | Lair:1   | Noticed Gastronok
 15231 | Lair:1   | Killed Gastronok
 15231 | Lair:1   | Reached skill level 11 in Dodging
 15231 | Lair:1   | Reached skill level 14 in Ice Magic
 15353 | Lair:1   | Reached **** piety under Vehumet
 15799 | Lair:1   | Offered knowledge of Olgreb's Toxic Radiance by Vehumet.
 16012 | Lair:1   | Reached skill level 12 in Fighting
 16106 | Lair:1   | Noticed Sonja
 16116 | Lair:1   | Killed Sonja
 16516 | Lair:2   | Found a staircase to the Shoals.
 16612 | Lair:2   | Gained mutation: You can hop long distances. [Barachi
                  | growth]
 16612 | Lair:2   | Reached XP level 13. HP: 95/109 MP: 25/25
 16702 | Lair:2   | Reached skill level 12 in Dodging
 16879 | Lair:2   | Got an ancient rapier
 16880 | Lair:2   | Identified the +8 rapier "Emaof" {venom, rC+ MR+ Int-5}
                  | (You found it on level 2 of the Lair of Beasts)
 17641 | Lair:3   | Got a spiked leather armour
 17652 | Lair:3   | Identified the +1 leather armour "Atac" {+Fly rF+ MR+ SInv}
                  | (You found it on level 3 of the Lair of Beasts)
 17704 | Lair:3   | Found a staircase to the Snake Pit.
 17859 | Lair:3   | Reached skill level 13 in Fighting
 19247 | Lair:4   | Noticed an ice dragon
 19267 | Lair:4   | Killed an ice dragon
 19267 | Lair:4   | Reached ***** piety under Vehumet
 19267 | Lair:4   | Offered knowledge of Ozocubu's Refrigeration by Vehumet.
 19323 | Lair:4   | Learned a level 6 spell: Ozocubu's Refrigeration
 19842 | Lair:4   | Reached skill level 13 in Dodging
 20107 | Lair:6   | Entered Level 6 of the Lair of Beasts
 20112 | Lair:6   | Found a dark tunnel.
 20127 | Lair:6   | Noticed Urug
 20128 | Lair:6   | Reached skill level 14 in Fighting
 20129 | Lair:6   | Reached skill level 15 in Ice Magic
 20130 | Lair:6   | Killed Urug
 20135 | Lair:6   | Noticed Kirke
 20197 | Lair:6   | Reached XP level 14. HP: 58/121 MP: 14/26
 20200 | Lair:6   | Killed Kirke
 20273 | Volcano  | Entered a volcano
 20593 | Lair:6   | Found a frozen archway.
 20606 | IceCv    | Entered an ice cave
 20770 | IceCv    | Reached skill level 14 in Dodging
 20781 | IceCv    | Killed a reaper
 20795 | IceCv    | Offered knowledge of Bolt of Magma by Vehumet.
 22905 | IceCv    | Reached skill level 9 in Spellcasting
 23626 | IceCv    | Identified a +0 crystal plate armour of cold resistance
                  | (You found it in an ice cave)
 23742 | IceCv    | HP: 12/181 [ice devil (10)]
 23742 | IceCv    | Slain by an ice devil

Vanquished Creatures
  Gastronok (Lair:1)
  Kirke (Lair:6)
  An ice dragon (Lair:4)
  2 hydras (Lair:6)
  4 two-headed ogres
  Urug (Lair:6)
  A tengu warrior (D:10)
  Sonja (Lair:1)
  Pikel (D:6)
  A manticore (D:10)
  An oklob plant (Lair:3)
  A deep elf mage (D:10)
  2 black mambas
  Joseph (Lair:1)
  9 elephants (Lair:6)
  3 ice statues
  2 gargoyles (Volcano)
  4 spiny frogs
  An efreet (Volcano)
  2 komodo dragons
  A rime drake (Lair:6)
  4 ice devils (IceCv)
  A troll (D:11)
  3 polar bears
  Grinder (D:6)
  2 tengu conjurers (D:10)
  A hornet (D:10)
  10 blink frogs
  7 hippogriffs
  7 dream sheep (Lair:6)
  A shadow (D:10)
  2 wyverns
  32 yaks
  A hungry ghost (D:10)
  2 steam dragons
  2 basilisks
  A fire elemental (Volcano)
  6 hogs (Lair:6)
  3 nagas (Lair:3)
  7 water moccasins
  8 porcupines
  Duvessa (D:6)
  3 slaves (D:6)
  A black bear (Lair:3)
  2 orc warriors
  2 ice beasts (Lair:4)
  2 phantoms
  3 sky beasts
  10 wolves
  10 ogres
  7 centaurs
  11 crocodiles
  4 big kobolds
  14 bullfrogs
  Dowan (D:6)
  A scorpion (D:11)
  6 wights (D:9)
  8 killer bees
  4 electric eels (D:8)
  6 howler monkeys
  4 centaur zombies
  4 crimson imps
  2 quasits
  3 hounds
  A bullfrog skeleton (D:11)
  4 bullfrog zombies
  5 centaur skeletons
  Crazy Yiuf (D:2)
  An orc priest (D:8)
  7 jellies
  4 iguanas
  7 orc wizards
  7 worker ants
  A worker ant zombie (D:11)
  Robin (D:2)
  A river rat (Sewer)
  17 adders
  7 gnolls
  A shadow imp (D:9)
  6 white imps
  7 ufetubi (IceCv)
  11 oozes
  An adder skeleton (D:5)
  3 worms
  3 dart slugs
  4 leopard geckos
  15 orcs
  13 bats
  3 giant cockroaches
  21 goblins
  13 hobgoblins
  7 jackals
  2 quokkas (D:7)
  4 ball pythons
  A ball python zombie (D:5)
  8 frilled lizards
  17 kobolds
  A quokka zombie (D:6)
  12 rats
  A bush (Lair:6)
  6 fungi
  22 plants
497 creatures vanquished.

Vanquished Creatures (collateral kills)
  A hydra (Lair:6)
  A two-headed ogre (D:8)
  3 oklob plants (Lair:3)
  A polar bear (Lair:4)
  A hornet (D:9)
  2 hungry ghosts (D:10)
  2 water moccasins
  5 ice beasts
  An ogre (D:8)
  2 wights (D:9)
  A crimson imp (D:9)
  A plant (Lair:3)
21 creatures vanquished.

Vanquished Creatures (others)
  A reaper (IceCv)
  An unseen horror (D:10)
  A human (D:6)
  A worker ant (D:6)
  5 white imps (IceCv)
  5 ufetubi (IceCv)
  11 fungi
  9 plants (Lair:6)
34 creatures vanquished.

Grand Total: 552 creatures vanquished
